AoeStats
← Padredetodo4975

Lombardia

508143405Analyzed
3v3 RM · 13d ago on Sep 21, 2026· 49m 5s· 6 players
Game mode
Random Map
Map size
Normal (6 player)
Population
200
Speed
Normal
Resources
Standard
Victory
Conquest
Starting age
Dark Age
Ending age
Imperial Age
RankedLock teamsTeams togetherTeam positionsShared explorationLock speedFull tech treeHidden civsTurbo modeCheats
Victory
Defeat
🇨🇱 Persians · Chile
868
+10
🇧🇷 Goths · Brazil
791
+13
🇲🇽 Huns · Mexico
726
+16
🇲🇽 Franks · Mexico
746
-14
🇲🇽 Hindustanis · Mexico
735
-13
🇲🇽 Britons · Mexico
705
-12
Legendario
12:24 Feudal Age
14:37 Horse Collar
14:50 Double-Bit Axe
18:02 Man-at-Arms
18:45 Scale Mail Armor
21:02 Castle Age
20:59 Forging
21:50 Long Swordsman
22:32 Squires
22:52 Chain Mail Armor
23:26 Heavy Plow
26:04 Iron Casting
26:30 Bow Saw
26:50 Loom
27:40 Wheelbarrow
29:46 Pikeman
32:18 Hand Cart
35:14 Town Watch
39:11 Imperial Age
40:28 Two-Handed Swordsman
40:41 Two-Handed Swordsman
42:34 Chemistry
41:50 Champion
44:06 Two-Man Saw
47:46 Blast Furnace
48:34 Halberdier
Valley of happiness
2:43 Loom
11:02 Feudal Age
12:25 Wheelbarrow
14:13 Horse Collar
16:36 Castle Age
14:56 Horse Collar
16:27 Stone Mining
19:22 Double-Bit Axe
20:43 Bow Saw
21:10 Heavy Plow
22:02 Gold Mining
27:33 Scale Barding Armor
28:22 Forging
28:55 Husbandry
29:41 Bloodlines
31:50 Hand Cart
33:15 Gold Shaft Mining
33:21 Chain Barding Armor
34:30 Iron Casting
34:34 Caravan
35:38 Stone Shaft Mining
34:58 Fletching
40:44 Imperial Age
43:20 Plate Barding Armor
43:47 Blast Furnace
44:04 Two-Man Saw
43:37 Crop Rotation
43:48 Town Watch
45:00 Murder Holes
45:23 Devotion
46:37 Conscription
45:38 Elite War Elephant
47:37 Faith
47:59 Ballistics
47:56 Masonry
48:29 Town Patrol
48:21 Light Cavalry
timodraw
10:14 Feudal Age
11:30 Wheelbarrow
10:43 Double-Bit Axe
10:43 Horse Collar
19:17 Castle Age
18:01 Stone Mining
18:04 Gold Mining
20:30 Hand Cart
20:41 Bow Saw
21:47 Heavy Plow
27:28 Gold Shaft Mining
32:55 Imperial Age
30:12 Loom
31:23 Scale Barding Armor
31:30 Forging
31:34 Husbandry
32:07 Caravan
32:31 Masonry
33:32 Chain Barding Armor
33:54 Fervor
35:34 Two-Man Saw
34:03 Cavalier
36:00 Conscription
37:01 Paladin
39:07 Plate Barding Armor
39:08 Iron Casting
39:18 Bloodlines
40:05 Elite Tarkan
48:35 Ballistics
Padredetodo4975
5:43 Loom
12:10 Feudal Age
12:41 Double-Bit Axe
15:03 Wheelbarrow
15:33 Gold Mining
24:29 Castle Age
23:45 Forging
23:54 Scale Mail Armor
24:13 Stone Mining
25:07 Scale Barding Armor
26:08 Bow Saw
26:28 Squires
31:44 Gold Shaft Mining
31:32 Chain Barding Armor
30:56 Pikeman
32:08 Hand Cart
33:37 Iron Casting
37:04 Husbandry
38:10 Chain Mail Armor
TheLordofLaw291
4:03 Loom
8:20 Loom
12:38 Feudal Age
14:24 Wheelbarrow
13:46 Double-Bit Axe
23:25 Castle Age
25:11 Hand Cart
26:08 Forging
25:59 Scale Mail Armor
25:24 Crossbowman
26:14 Gold Mining
26:16 Stone Mining
26:23 Stone Mining
31:35 Fletching
31:47 Padded Archer Armor
32:03 Chain Mail Armor
32:24 Iron Casting
34:15 Gold Shaft Mining
33:45 Bodkin Arrow
34:07 Leather Archer Armor
36:36 Pikeman
37:18 Squires
37:05 Arson
Pandavha
12:02 Loom
13:53 Feudal Age
26:07 Gold Mining
29:35 Castle Age
35:02 Loom
35:07 Double-Bit Axe
38:31 Husbandry
38:41 Bloodlines
39:29 Scale Barding Armor
39:36 Forging
Connection lost

Rejoining the realm…

Still unreachable

The connection could not be restored.

Session expired

The server has moved on; the page needs a fresh start.